 Dungeon Crawl Stone Soup version 0.25-a0-737-g26c3a87 (webtiles) character file.

Game seed: 14533707452643209150, levelgen mode: deterministic

1085 BlueFish the Thaumaturge (level 8, -2/57 HPs)
             Began as a Mummy Wizard on Apr 12, 2020.
             Was an Initiate of Kikubaaqudgha.
             Slain by a yak (9 damage)
             ... while paralysed by Psyche
             ... on level 9 of the Dungeon.
             The game lasted 00:20:08 (8581 turns).

BlueFish the Thaumaturge (Mummy Wizard)             Turns: 8581, Time: 00:20:09

Health: -2/57      AC: 10    Str: 10    XL:     8   Next: 9%
Magic:  18/20      EV:  2    Int: 20    God:    Kikubaaqudgha [......]
Gold:   316        SH:  0    Dex: 10    Spells: 13/23 levels left

rFire    x . .     SeeInvis .   r - +3 spear
rCold    + . .     Gourm    .   (no shield)
rNeg     + + +     Faith    .   a - +0 robe
rPois    ∞         Spirit   .   b - +0 hat
rElec    .         Reflect  .   k - +1 cloak
rCorr    +         Harm     .   o - +0 pair of gloves
MR       +....                  f - +0 pair of boots
Stlth    ++........             (no amulet)
HPRegen  0.19/turn              g - +4 ring of protection
MPRegen  0.17/turn              l - ring of resist corrosion

@: paralysed, mighty
A: no food or potions, fire vulnerability, cold resistance 1, negative energy
resistance 3, torment resistance, unbreathing
a: Renounce Religion


You were on level 9 of the Dungeon.
You worshipped Kikubaaqudgha.
Kikubaaqudgha was noncommittal.
You were not hungry.

You visited 2 branches of the dungeon, and saw 8 of its levels.
You also visited: Sewer.

You collected 316 gold pieces.

Inventory:

Hand Weapons
 r - a +3 spear (weapon)
Armour
 a - a +0 robe (worn)
 b - a +0 hat (worn)
 f - a +0 pair of boots (worn)
 k - a +1 cloak (worn)
 o - a +0 pair of gloves (worn)
Jewellery
 g - a +4 ring of protection (left hand)
 i - a +3 ring of strength
 l - a ring of resist corrosion (right hand)
Wands
 p - a wand of iceblast (13)
 q - a wand of polymorph (6)
Scrolls
 d - a scroll of magic mapping
 h - a scroll of remove curse
 j - 2 scrolls of identify
 m - a scroll of amnesia
 n - a scroll of fog


   Skills:
 * Level 2.7 Fighting
   Level 1.5 Short Blades
 * Level 3.2 Dodging
 * Level 3.6 Stealth
 * Level 8.3 Spellcasting
 + Level 1.9 Conjurations
 + Level 2.0 Summonings
 + Level 0.7 Translocations
 + Level 0.1 Poison Magic


You had 13 spell levels left.
You knew the following spells:

 Your Spells              Type           Power        Failure   Level  Hunger
a - Magic Dart            Conj           ###.         3%          1    N/A
b - Blink                 Tloc           N/A          10%         2    N/A
c - Call Imp              Summ           ###.....     5%          2    N/A
d - Slow                  Hex            #.......     12%         2    N/A
e - Mephitic Cloud        Conj/Pois/Air  ##......     19%         3    N/A

Your spell library contained the following spells:

 Spells                   Type           Power        Failure   Level  Hunger
 Conjure Flame            Conj/Fire      ##......     17%         3    N/A

Dungeon Overview and Level Annotations

Branches:
Dungeon (6/15)             Temple (1/1) D:5           Sewer (visited)

Altars:
Ashenzari
Dithmenos
Fedhas
Gozag
Hepliaklqana
Kikubaaqudgha
Nemelex Xobeh
Okawaru
Ru
Sif Muna
Trog
Vehumet
Wu Jian
Yredelemnul

Annotations:
D:9 Psyche


Innate Abilities, Weirdness & Mutations

You do not eat or drink.
Your flesh is vulnerable to fire.
You are immune to poison.
Your flesh is cold resistant. (rC+)
You are immune to negative energy. (rN+++)
You are immune to unholy pain and torment.
You can survive without breathing.


Message History

Psyche looks encouraged for a moment.
Casting: Call Imp (safe; 5% risk of failure)
Confirm with . or Enter, or press ? or * to list all spells.
A beastly little devil appears in a puff of flame.
Psyche barely misses you.
You closely miss Psyche.
Psyche is lightly wounded.
Psyche hits you but does no damage.
You feel very mighty all of a sudden.
Psyche hits you with a +2 dagger of chaos.
You suddenly lose the ability to move!
The yak gores you.
Psyche hits you with a +2 dagger of chaos.
The yak gores you but does no damage.
Your crimson imp hits Psyche.
Psyche hits you but does no damage. The yak gores you! The yak gores you!!
Your crimson imp hits Psyche.
Psyche hits you but does no damage. The yak gores you!
* * * LOW HITPOINT WARNING * * *
Psyche hits you but does no damage. The yak gores you!
You die...
Kikubaaqudgha rasps: "You have failed me!
Welcome... oblivion!"

... ... #>..
.....
.....#########
.......Y.....#
......Y@5....#
......Y@.....#
.._...Y......#
.............#
.............#
#..##........#
##+ ##.......#
#.......#
#.......+


You could see Psyche, 4 yaks and a friendly crimson imp.

Vanquished Creatures
  2 ice beasts
  A phantom (D:5)
  A bullfrog (D:5)
  A big kobold (D:6)
  A scorpion (D:4)
  2 wights (D:6)
  3 worker ants
  An orc wizard (D:3)
  A killer bee zombie (D:6)
  A worker ant zombie (D:6)
  A gnoll (D:4)
  5 adders
  An ooze (D:2)
  2 adder skeletons
  3 worms
  3 dart slugs
  3 leopard geckos
  8 orcs
  4 giant cockroaches
  12 goblins
  11 hobgoblins
  4 jackals
  14 kobolds
  2 ball pythons
  4 bats
  9 frilled lizards
  6 rats
  A spectral orc (D:5)
107 creatures vanquished.

Vanquished Creatures (collateral kills)
  Purgy (Sewer)
  A scorpion (D:4)
  3 wights
  A crimson imp (D:5)
  A bullfrog skeleton (D:6)
  2 orc priests (D:4)
  2 orc wizards (D:4)
  2 worker ants (D:4)
  6 gnolls
  An adder (D:3)
  A shadow imp (D:6)
  An ooze (D:3)
  2 worms (D:4)
  A leopard gecko (D:4)
  4 orcs (D:4)
  A giant cockroach (D:5)
  A hobgoblin (D:2)
  2 jackals (D:6)
  2 kobolds (D:6)
  A bat (D:2)
  A rat (D:2)
37 creatures vanquished.

Grand Total: 144 creatures vanquished

Notes
Turn   | Place    | Note
-------+----------+-------------------------------------------
     0 | D:1      | BlueFish the Mummy Wizard began the quest for the Orb.
     0 | D:1      | Reached XP level 1. HP: 13/13 MP: 5/5
   562 | D:1      | Reached XP level 2. HP: 20/20 MP: 4/7
   566 | D:1      | Learned a level 2 spell: Blink
   569 | D:1      | Learned a level 2 spell: Call Imp
   577 | D:1      | Learned a level 2 spell: Slow
  1749 | D:2      | Reached XP level 3. HP: 25/25 MP: 5/9
  1754 | D:2      | Learned a level 3 spell: Mephitic Cloud
  2110 | D:2      | Reached skill level 5 in Spellcasting
  2166 | D:2      | You fall into a shaft and drop 1 floor!
  2562 | D:3      | Reached XP level 4. HP: 30/31 MP: 2/11
  2646 | D:3      | Reached skill level 1 in Conjurations
  3194 | D:3      | Found a radiant altar of Vehumet.
  3283 | D:3      | Reached skill level 1 in Fighting
  4034 | D:4      | Reached XP level 5. HP: 29/37 MP: 8/13
  4440 | D:4      | Found a glowing drain.
  4454 | D:4      | Reached skill level 6 in Spellcasting
  4472 | Sewer    | Entered a sewer
  4485 | Sewer    | Reached skill level 1 in Summonings
  4596 | Sewer    | Noticed Purgy
  4605 | Sewer    | Killed Purgy
  4605 | Sewer    | Reached XP level 6. HP: 27/43 MP: 8/15
  4872 | D:4      | Reached skill level 1 in Short Blades
  5438 | D:4      | Found a shattered altar of Ashenzari.
  5982 | D:5      | Entered Level 5 of the Dungeon
  6112 | D:5      | Reached XP level 7. HP: 28/50 MP: 14/17
  6323 | D:5      | Found a bloodstained altar of Trog.
  6414 | D:5      | Reached skill level 7 in Spellcasting
  6771 | D:5      | Found a staircase to the Ecumenical Temple.
  6780 | Temple   | Entered the Ecumenical Temple
  6818 | Temple   | Became a worshipper of Kikubaaqudgha
  7020 | D:5      | Found a basalt altar of Yredelemnul.
  8098 | D:6      | Reached skill level 8 in Spellcasting
  8098 | D:6      | Reached XP level 8. HP: 41/57 MP: 13/20
  8212 | D:6      | Found a bloodstained altar of Trog.
  8574 | D:6      | You fall into a shaft and drop 3 floors!
  8574 | D:9      | Found a sacrificial altar of Ru.
  8574 | D:9      | Noticed Psyche
  8578 | D:9      | Paralysed by Psyche for 6 turns
  8581 | D:9      | Slain by a yak

Levels and vault maps discovered:
D:1:      kennysheep_arrival_seaside, layout_loops_ring, serial_rivers,
          chequers_serial_rivers_small_b, chequers_serial_rivers_room_a,
          chequers_serial_rivers_micro_c, chequers_serial_rivers_room_a,
          chequers_serial_rivers_micro_c, chequers_serial_rivers_micro_a
D:2:      layout_basic, first_ration
D:3:      layout_loops_corners, vehumet_crystals
D:4:      layout_basic, cheibrodos_ashenzari_chains,
          cheibrodos_sewer_entry_sluice, serial_park_tiny_2,
          corexii_checkpoint_b, minmay_misc_feat_enclosed
D:5:      layout_loops_ring, yredelemnul_forgotten_temple_becter,
          minmay_temple_entry_mist, basic_altar
D:6:      layout_basic, lemuel_doored_altar, minmay_fountain_box,
          lexackson_kobold_supper
D:9:      layout_basic, dancing_weapons_uskayaw, kennysheep_little_box,
          minmay_lair_entry_grove, basic_altar, cheibriados_altar_1, uniq_grum,
          uniq_psyche
Temple:   regret_index_temple_waves

Skill      XL: |  1  2  3  4  5  6  7 |
---------------+----------------------+-----
Dodging        | 2 3 |  3.2
Spellcasting   | 5 6 8 |  8.3
Stealth        | 2 3 |  3.6
Conjurations   | 1 |  1.9
Fighting       | 1 2 |  2.7
Summonings     | 1 2 |  2.0
Short Blades   | 1 |  1.5
Translocations | |  0.7
Poison Magic   | |  0.1

Action                   |  1- 3 |  4- 6 |  7- 9 || total
-------------------------+-------+-------+-------++-------
Melee: Short sword       |    12 |       |       ||    12
       Dagger            |    22 |   118 |   184 ||   324
       Spear             |       |       |     9 ||     9
 Cast: Magic Dart        |    92 |    97 |    33 ||   222
       Call Imp          |     6 |    27 |    52 ||    85
       Mephitic Cloud    |       |     4 |       ||     4
  Use: Scroll            |     7 |     1 |     1 ||     9
 Stab: Sleeping          |       |     1 |       ||     1
       Distracted        |       |       |     3 ||     3
Armor: Robe              |    14 |    56 |    60 ||   130
Dodge: Dodged            |    41 |    97 |   110 ||   248

Table legend:
 A = Non-vault XP
 B = Vault XP
 C = Vault XP percentage of total XP
 D = Non-vault monster count
 E = Vault monster count
 F = Vault count percentage of total count
                 A         B        C        D         E       F
            +---------+---------+-------+---------+---------+-------
      Total |    1366 |     184 |  11.9 |     125 |      19 |  13.2
            +---------+---------+-------+---------+---------+-------
        D:1 |      36 |       0 |   0.0 |      21 |       0 |   0.0
        D:2 |      52 |       0 |   0.0 |      15 |       0 |   0.0
        D:3 |      98 |       0 |   0.0 |      33 |       0 |   0.0
        D:4 |     378 |      16 |   4.1 |      30 |       5 |  14.3
        D:5 |     408 |       1 |   0.2 |       9 |       1 |  10.0
        D:6 |     394 |      67 |  14.5 |      17 |       5 |  22.7
      Sewer |       0 |     100 | 100.0 |       0 |       8 | 100.0
            +---------+---------+-------+---------+---------+-------
